 Dungeon Crawl Stone Soup version 0.31-a0-986-g5e6e4ef867 (webtiles) character file.

Game seed: 8315861256887552784

77 Naiya55 the Trooper (level 4, -1/37 HPs)
             Began as a Formicid Fighter on Nov 3, 2023.
             Constricted to death by Ijyb (2 damage)
             ... on level 3 of the Dungeon.
             The game lasted 00:02:36 (1736 turns).

Naiya55 the Trooper (Formicid Fighter)              Turns: 1736, Time: 00:02:36

Health: -1/37      AC:  6    Str: 23    XL:     4   Next: 58%
Magic:  4/4        EV:  6    Int:  7    God:
Gold:   189        SH:  5    Dex: 13    Spells: 3/3 levels left

rFire   . . .        a - +0 war axe
rCold   . . .        c - +0 buckler
rNeg    . . .        r - +0 scale mail
rPois   .            (helmet unavailable)
rElec   .            (no cloak)
rCorr   .            (no gloves)
SInv    +            (no boots)
Will    .....        (no amulet) Stlth
                     (no ring)
HPRegen 0.26/turn    (no ring)
MPRegen 0.09/turn

%: no passive effects
@: grasped by roots, constricted
A: permanent stasis, dig shafts and tunnels, antennae 3, four strong arms
a: Dig, Shaft Self


You were on level 3 of the Dungeon.
You visited 1 branch of the dungeon, and saw 3 of its levels.

You collected 189 gold pieces.

Inventory:

Hand Weapons
 a - a +0 war axe (weapon)
 b - a +0 sling
Armour
 c - a +0 buckler (worn)
 q - a +0 kite shield
 r - a +0 scale mail (worn)
Scrolls
 f - 3 scrolls of identify {unknown}
 h - 2 scrolls of enchant armour {unknown}
 i - a scroll of immolation {unknown}
 l - a scroll of fog {unknown}
 m - a scroll of brand weapon {unknown}
 o - a scroll of enchant weapon {unknown}
 p - a scroll of acquirement {unknown}
Potions
 d - a potion of might
 e - 3 potions of degeneration {unknown}
 g - a potion of magic {unknown}
 j - a potion of attraction {unknown}
 k - a potion of resistance {unknown}
 n - a potion of lignification {unknown}


   Skills:
 + Level 4.1 Fighting
 * Level 3.8 Axes
 - Level 3.2 Armour
 - Level 4.0 Shields


You had 3 spell levels left.
You didn't know any spells.
Your spell library contained the following spells:

 Spells                   Type           Power      Damage    Failure   Level
 Volatile Blastmotes      Fire/Tloc      0%         2d10      99%         3
 Fulminant Prism          Conj/Hex       0%         3d5       100%        4
 Iskenderun's Mystic Bla  Conj/Tloc      0%         2d3       100%        4


Dungeon Overview and Level Annotations

Branches:
Dungeon (3/15)

Altars:

Shops:
D:1 :

Annotations:
D:3 Ijyb


Innate Abilities, Weirdness & Mutations

You cannot be hasted, slowed, berserked, paralysed or teleported.
You can dig through walls and to a lower floor.
You have a pair of large antennae on your head. (SInv)
Your four strong arms can wield two-handed weapons with a shield.


Message History

You are too injured to fight recklessly!
You are too injured to fight recklessly!
You are too injured to fight recklessly!
You are too injured to fight recklessly!
You are too injured to fight recklessly!
You are too injured to fight recklessly!
You are too injured to fight recklessly!
You are too injured to fight recklessly!
You are too injured to fight recklessly!
You are too injured to fight recklessly!
You are too injured to fight recklessly!
You are too injured to fight recklessly!
You are too injured to fight recklessly!
You are too injured to fight recklessly!
You are too injured to fight recklessly!
You are too injured to fight recklessly!
You are too injured to fight recklessly!
You are too injured to fight recklessly!
You are too injured to fight recklessly!
You are too injured to fight recklessly!
You are too injured to fight recklessly!
You are too injured to fight recklessly!
You are too injured to fight recklessly!
You are too injured to fight recklessly!
You are too injured to fight recklessly!
You barely miss Ijyb.
Ijyb is almost dead.
Ijyb completely misses you. The grasping roots constrict you.
* * * LOW HITPOINT WARNING * * *
The grasping roots release their grip on you.
You closely miss Ijyb.
Ijyb is almost dead.
Ijyb zaps a wand.
The roots erupt in riotous growth!
The grasping roots grab you!
Ijyb is unaffected.
The grasping roots constrict you.
* * * LOW HITPOINT WARNING * * *
Ijyb hits you with a +0 club.
* * * LOW HITPOINT WARNING * * *
The grasping roots constrict you.
You die...

############
.......)...#
......g@...#
......)#...#
##########...#
#)...........#
#............#
#'##.....##+##
#...#.....#{
#...#.....#
#...#.....#{


You could see Ijyb.

Vanquished Creatures
  2 adders
  2 worms
  A dart slug (D:3)
  6 bats
  An endoplasm (D:1)
  3 giant cockroaches
  10 goblins
  3 hobgoblins
  2 jackals (D:3)
  A quokka (D:1)
  3 ball pythons (D:1)
  3 frilled lizards
  5 kobolds
  5 rats
47 creatures vanquished.

Notes
Turn   | Place    | Note
-------+----------+-------------------------------------------
     0 | D:1      | Naiya55 the Formicid Fighter began the quest for the Orb.
     0 | D:1      | Reached XP level 1. HP: 18/18 MP: 1/1
    55 | D:1      | Found Arinop's Book Emporium.
    71 | D:1      | Found a faded altar of an unknown god.
    85 | D:1      | Reached XP level 2. HP: 23/24 MP: 2/2
   458 | D:1      | Reached XP level 3. HP: 30/30 MP: 3/3
  1340 | D:2      | Reached XP level 4. HP: 37/37 MP: 4/4
  1720 | D:3      | Noticed Ijyb
  1736 | D:3      | HP: 1/37 [Ijyb/+0 club (4)]
  1736 | D:3      | Constricted to death by Ijyb

Illustrated notes

Levels and vault maps discovered:
D:1:      amcnicky_arrival_wind_blow, layout_basic,
          ebering_ecumenical_altar_webs, serial_shops, shop
D:2:      layout_basic, chequers_decorated_corner
D:3:      kennysheep_goblin_castle, layout_loops_ring, slow_altar_1,
          nicolae_uskayaw_dance_hall, nzn_hepliaklqana_mist_gate, minmay_cupped

Skill      XL: |  1  2  3  4 |
---------------+-------------+-----
Axes           | 3 |  3.8
Fighting       | 4 |  4.1
Armour         | |  3.2
Shields        | |  4.0

Action                     |  1- 3 |  4- 6 || total
---------------------------+-------+-------++-------
  Melee: War axe           |    99 |    56 ||   155
 Armour: Scale mail        |    64 |    47 ||   111
  Dodge: Dodged            |    39 |    30 ||    69
  Block: Buckler           |    32 |    11 ||    43

Table legend: (Time is in decaauts)
 A = Elapsed time spent in this place.
 B = Non-inter-level travel time spent in this place.
 C = Inter-level travel time spent in this place.
 D = Time resting spent in this place.
 E = Time spent auto-exploring this place.
 F = Levels seen in this place.
 G = Mean time per level.
                   A        B        C        D        E       F      G
               +--------+--------+--------+--------+--------+-----+--------+
         Total |   1794 |   1702 |     92 |     56 |   1222 |   3 |  598.0 |
       Dungeon |   1794 |   1702 |     92 |     56 |   1222 |   3 |  598.0 |
               +--------+--------+--------+--------+--------+-----+--------+

Top non-repeatable levels by time:
     D:2: 867 daAuts
     D:1: 684 daAuts
     D:3: 242 daAuts
